 Dungeon Crawl Stone Soup version 0.19.4 (webtiles) character file.

107899 Tsukune the Brawler (level 16, -2/143 HPs)
             Began as a Ghoul Monk on Jan 30, 2017.
             Was the Champion of Ru.
             Killed by divine providence
             ... invoked by a balrug
             ... summoned by a deep elf demonologist
              (16 damage)
             ... on level 1 of the Elven Halls.
             The game lasted 01:23:31 (26195 turns).

Tsukune the Brawler (Ghoul Monk)                   Turns: 26195, Time: 01:23:32

Health: -2/143     AC: 10    Str: 21    XL:     16   Next: 48%
Magic:  15/15      EV: 22    Int: 12    God:    Ru [******]
Gold:   2382       SH: 15    Dex: 19    Spells: 0 memorised, 15 levels left

rFire  . . .     SeeInvis .       - Unarmed
rCold  + . .     Gourm    .     g - +2 leather armour "Jass" {MR+ Str+3 Int+4}
rNeg   + + +     Faith    .     O - +3 buckler {rN+}
rPois  ∞         Spirit   .     W - +0 helmet {Int+3}
rElec  .         Reflect  +     t - +0 cloak
rCorr  .         Harm     .     (no gloves)
MR     ++...                    F - +2 pair of boots
Stlth  ++........               d - +6 amulet of reflection
                                y - ring of protection from cold
                                o - ring "Dushasekk" {rF+ Dex+4}

@: rotting
A: rotting body, claws 1, carnivore 3, cold resistance 1, negative energy
resistance 3, slow regeneration 1, torment resistance, unbreathing, hated by
all, no air magic, no translocations magic, no transmutations magic, unskilled
1, temperature sensitive
a: Draw Out Power, Power Leap, Apocalypse, Renounce Religion


You were on level 1 of the Elven Halls.
You worshipped Ru.
Ru was exalted by your worship.
You were not hungry.

You visited 5 branches of the dungeon, and saw 25 of its levels.
You also visited: Labyrinth and Ossuary.

You collected 2755 gold pieces.
You spent 373 gold pieces at shops.

Inventory:

Armour
 g - the +2 leather armour "Jass" (worn) {MR+ Str+3 Int+4}
   (You found it on level 10 of the Dungeon)

   It affects your strength (+3).
   It affects your intelligence (+4).
   It affects your resistance to hostile enchantments.
 t - a +0 cloak (worn)
 v - the -7 buckler of Ashenzari's Hope {MP+9 Int+3 Stlth-}
   (You found it on level 4 of the Dungeon)

   It affects your intelligence (+3).
   It affects your magic capacity (+9).
   It makes you less stealthy.
 F - a +2 pair of boots (worn)
 I - a +2 shield
 O - a +3 buckler of positive energy (worn)
 W - a +0 helmet of intelligence (worn)
Jewellery
 d - a +6 amulet of reflection (around neck)
 o - the ring "Dushasekk" (left claw) {rF+ Dex+4}
   (You found it on level 2 of the Lair of Beasts)

   [ring of dexterity]

   It affects your dexterity (+4).
   It protects you from fire.
 y - a ring of protection from cold (right claw)
 T - the ring of Foshrug {*Drain +Fly Int-5 Dex+9}
   (You acquired it on level 6 of the Lair of Beasts)

   [ring of flight]

   It affects your intelligence (-5).
   It affects your dexterity (+9).
   It lets you fly.
   It causes draining when unequipped.
Wands
 h - a wand of teleportation (6/9)
 B - a wand of acid (7/15)
 K - a wand of acid (6/15)
 S - a wand of acid (2/15)
 U - a wand of disintegration (10/24)
 Y - a wand of iceblast (5/15)
 Z - a wand of iceblast (6/15)
Scrolls
 c - a scroll of recharging
 k - 2 scrolls of fog
 p - a scroll of teleportation
 w - 3 scrolls of remove curse
 z - 2 scrolls of blinking
 D - 8 scrolls of amnesia
 P - 4 scrolls of magic mapping
Potions
 a - a potion of magic
 e - 2 potions of berserk rage
 f - 4 potions of resistance
 i - 9 potions of curing
 j - 3 potions of flight
 m - 3 potions of might
 q - 2 potions of invisibility
 r - 3 potions of brilliance
 s - 2 potions of cure mutation
 u - 3 potions of mutation
 x - 3 potions of cancellation
 A - 3 potions of agility
 E - 3 potions of ambrosia
 H - 2 potions of beneficial mutation
Comestibles
 b - 10 meat rations
 C - 3 slices of pizza
 J - 5 beef jerkies
 N - 7 royal jellies


   Skills:
 - Level 13.0 Fighting
 - Level 12.4 Dodging
 - Level 2.0 Stealth
 + Level 7.5 Shields
 - Level 19.0 Unarmed Combat


You had 15 spell levels left.
You didn't know any spells.

Dungeon Overview and Level Annotations

Branches:
Dungeon (15/15)            Temple (1/1) D:6            Lair (6/6) D:10
 Shoals (0/4) Lair:4       Spider (0/4) Lair:3        Slime (0/5) Lair:5
    Orc (2/2) D:10            Elf (1/3) Orc:2        Vaults (0/5) D:13
 Depths (0/5) D:15

Altars:
Ashenzari
Cheibriados
Dithmenos
Fedhas
Gozag
Hepliaklqana
Kikubaaqudgha
Makhleb
Nemelex Xobeh
Okawaru
Qazlal
Ru
Sif Muna
Trog
Uskayaw
Vehumet
Xom
Yredelemnul
The Shining One
Beogh

Shops:
D:4 *   Orc:2 *[(:=

Annotations:
D:5 Naow's ghost, amateur DECj
D:10 exclusion: obsidian statue


Innate Abilities, Weirdness & Mutations

Your body is rotting away.
You thrive on raw meat.
You are immune to poison.
You have sharp fingernails.
You are carnivorous and can eat meat at any time.
Your flesh is cold resistant. (rC+)
You are immune to negative energy. (rN+++)
You regenerate slowly when monsters are visible.
You are immune to unholy pain and torment.
You can survive without breathing.
You are hated by all.
You cannot study or cast Air magic.
You cannot study or cast Translocations magic.
You cannot study or cast Transmutations magic.
You are somewhat unskilled. (-1 Apt)
You are sensitive to extremes of temperature. (rF-, rC-)


Message History

The deep elf mage casts a spell.
The deep elf mage blinks!
The deep elf mage begins to cast a spell, but is stunned by your will!
Things that are here:
a long sword; a rapier x2
Items here: ))) [[[ The balrug begins to attack, but is stunned by your will!
Items here: ))))))))) [[[[[[[ You redirect the balrug's attack!
Items here: ))))))))))))))) [[[[[[[[[[[[[[[[ The balrug gestures at you.
The fireball explodes!
The fireball engulfs you!
* * * LOW HITPOINT WARNING * * *
There is a staircase back to the Mines, spattered with blood here.
The balrug gestures at you.
The fireball explodes!
The fireball engulfs you!
* * * LOW HITPOINT WARNING * * *
The balrug gestures at you. Something smites you!
You die...

#########.e.#####
e.......e........
#####eee########
###...........##
##...............#
#.................
####.....8.....###
######2e.######
#@[[[)........#
######...#####
####.....8[....##
#.................
##.....).........#
###...........###
#####...#####
...... ########


You could see a balrug and a deep elf demonologist.

Vanquished Creatures
  Saint Roka (Orc:2)
  Rupert (Lair:3)
  Kirke (Lair:4)
  An orc warlord (Elf:1)
  2 entropy weavers (Lair:4)
  Azrael (Orc:2)
  A minotaur (Lab)
  A fire dragon (Lair:6)
  Fannar (Lair:3)
  2 ice dragons
  6 hydras
  A catoblepas (D:14)
  Harold (Lair:3)
  A death knight (D:14)
  6 death yaks (Lair:6)
  2 ogre magi (D:15)
  A queen ant (Lair:4)
  3 tengu warriors
  An orc high priest (Elf:1)
  A shadow wraith (D:13)
  A deep troll (D:13)
  An unseen horror (D:15)
  A lindwurm (Lair:6)
  A wizard (D:13)
  5 hill giants
  7 orc knights
  Pikel (D:9)
  6 orc sorcerers
  8 ugly things
  8 deep elf magi
  5 elephants (Lair:6)
  4 manticores
  2 cyclopes (D:15)
  2 black mambas
  Maurice (D:9)
  A naga mage (D:15)
  Psyche (D:8)
  An elephant (shapeshifter) (D:13)
  6 torpor snails (Lair:6)
  2 gargoyles
  13 spiny frogs
  4 ice statues (D:12)
  4 rime drakes
  9 komodo dragons
  A redback zombie (D:15)
  A queen bee (D:13)
  A tengu conjurer (D:14)
  9 trolls
  8 hornets (Lair:6)
  Grinder (D:4)
  4 tyrant leeches (Lair:6)
  7 two-headed ogres
  5 hippogriffs
  Prince Ribbit (Lair:2)
  17 blink frogs
  11 slime creatures
  A shadow (D:15)
  2 wyverns (D:14)
  A wraith (D:14)
  47 yaks
  3 basilisks
  A steam dragon (Lair:6)
  2 hungry ghosts
  A fire elemental (Orc:2)
  Grum (D:9)
  5 vampire mosquitoes
  6 mottled dragons
  Menkaure (D:4)
  3 wargs (Orc:1)
  22 soldier ants (Lair:4)
  15 water moccasins
  Duvessa (D:4)
  5 hell hounds
  10 porcupines
  4 sky beasts
  A hornet zombie (D:15)
  41 orc warriors
  16 ice beasts
  3 boggarts (D:14)
  An eye of draining (shapeshifter) (D:13)
  4 necrophages
  10 ogres
  An eye of draining (D:12)
  12 wolves
  3 centaurs
  20 crocodiles
  An elf zombie (Ossuary)
  9 big kobolds
  13 bullfrogs
  3 gnoll sergeants (D:10)
  An earth elemental (Elf:1)
  Dowan (D:5)
  3 scorpions
  A wyvern skeleton (D:13)
  A water moccasin skeleton (D:7)
  14 killer bees (D:13)
  4 howler monkeys
  2 bullfrog zombies
  4 crimson imps
  5 centaur zombies
  22 orc priests
  3 human zombies (Ossuary)
  7 jellies
  2 bullfrog skeletons (D:4)
  3 hounds
  4 centaur skeletons
  A gnoll shaman (D:4)
  7 iguanas
  Natasha (twice) (D:4)
  26 orc wizards
  23 worker ants
  A big kobold zombie (Ossuary)
  4 hound skeletons
  2 mummies (Ossuary)
  A worker ant zombie (D:9)
  8 gnolls
  15 adders
  5 shadow imps
  5 oozes
  2 adder zombies
  6 worms
  A dart slug (D:1)
  10 leopard geckos
  90 orcs
  3 giant cockroaches
  6 goblins
  11 hobgoblins
  8 jackals
  17 kobolds
  5 quokkas
  4 ball pythons
  9 bats
  A goblin zombie (Ossuary)
  8 hobgoblin zombies (Ossuary)
  11 kobold zombies (Ossuary)
  A leopard gecko skeleton (D:6)
  9 orc zombies (Ossuary)
  A quokka skeleton (D:9)
  A quokka zombie (D:4)
  3 rats
  A butterfly (Lair:5)
  A fungus (Lair:4)
  A plant (Lair:4)
851 creatures vanquished.

Vanquished Creatures (others)
  Nessos (D:13)
  An unseen horror (D:13)
  A cyclops (D:12)
  An ugly thing (D:12)
  A blink frog (Lair:2)
  3 humans (Lair:4)
  A mottled dragon (Lair:6)
  An orc warrior (Orc:2)
  A boggart (D:14)
  3 centaurs
  An orc wizard (D:9)
  2 orc priests (Orc:2)
  2 worker ants
  2 orcs
  2 kobolds
  8 fungi
  23 plants
54 creatures vanquished.

Grand Total: 905 creatures vanquished

Notes
Turn   | Place    | Note
-------+----------+-------------------------------------------
     0 | D:1      | Tsukune the Ghoul Monk began the quest for the Orb.
     0 | D:1      | Reached XP level 1. HP: 19/19 MP: 0/0
   215 | D:1      | Reached XP level 2. HP: 26/26 MP: 1/1
   232 | D:1      | Reached skill level 4 in Unarmed Combat
   995 | D:2      | Reached XP level 3. HP: 31/31 MP: 2/2
  1029 | D:2      | Reached skill level 1 in Shields
  1502 | D:3      | Reached XP level 4. HP: 35/38 MP: 3/3
  1660 | D:3      | Reached skill level 5 in Unarmed Combat
  1664 | D:3      | Reached XP level 5. HP: 32/45 MP: 4/4
  2327 | D:4      | Noticed Dowan
  2342 | D:4      | Noticed Duvessa
  2370 | D:4      | Killed Duvessa
  2370 | D:4      | Reached skill level 6 in Unarmed Combat
  2370 | D:4      | Reached XP level 6. HP: 17/51 MP: 5/5
  2378 | D:5      | Entered Level 5 of the Dungeon
  2400 | D:4      | Found Atuir's General Store.
  2483 | D:4      | Got a spiked buckler
  2509 | D:4      | Identified the cursed -7 buckler of Ashenzari's Hope {MP+9 Int+3 Stlth-} (You found it on level 4 of the Dungeon)
  2554 | D:4      | Noticed Menkaure
  2625 | D:4      | Reached XP level 7. HP: 57/57 MP: 6/6
  2631 | D:4      | Killed Menkaure
  2631 | D:4      | Reached skill level 7 in Unarmed Combat
  2672 | D:4      | Noticed Grinder
  2697 | D:4      | Killed Grinder
  2697 | D:4      | Reached skill level 8 in Unarmed Combat
  2900 | D:4      | Noticed Natasha
  2910 | D:4      | Killed Natasha
  3430 | D:5      | Reached XP level 8. HP: 40/66 MP: 7/7
  3503 | D:5      | Reached skill level 9 in Unarmed Combat
  3551 | D:5      | Noticed Naow's ghost (amateur DECj)
  3573 | D:4      | Noticed Natasha
  3586 | D:4      | Killed Natasha
  3586 | D:4      | Reached skill level 5 in Fighting
  3682 | D:5      | Killed Dowan
  4815 | D:6      | Reached skill level 10 in Unarmed Combat
  4830 | D:6      | Reached XP level 9. HP: 78/78 MP: 8/8
  4879 | D:6      | Found a staircase to the Ecumenical Temple.
  4888 | Temple   | Entered the Ecumenical Temple
  4992 | Temple   | Became a worshipper of Ru the Awakened
  5783 | D:7      | Reached skill level 5 in Dodging
  6186 | D:8      | Found a sand-covered staircase.
  6191 | Ossuary  | Entered an ossuary
  7255 | D:8      | Noticed Psyche
  7276 | D:8      | Killed Psyche
  7276 | D:8      | Reached XP level 10. HP: 65/84 MP: 9/9
  7662 | D:9      | Noticed Pikel
  7677 | D:9      | Killed Pikel
  7677 | D:9      | Reached skill level 11 in Unarmed Combat
  7745 | D:9      | Noticed Grum
  7755 | D:9      | Noticed Maurice
  7789 | D:9      | Killed Grum
  7921 | D:9      | Killed Maurice
  8353 | D:10     | Entered Level 10 of the Dungeon
  8418 | D:10     | Found a staircase to the Orcish Mines.
  8472 | D:10     | Reached skill level 12 in Unarmed Combat
  8601 | D:10     | Reached XP level 11. HP: 71/92 MP: 10/10
  8934 | D:10     | Gained mutation: You cannot study or cast Air magic. [Ru sacrifice]
  8934 | D:10     | Gained mutation: You cannot study or cast Transmutations magic. [Ru sacrifice]
  8934 | D:10     | Gained mutation: You cannot study or cast Translocations magic. [Ru sacrifice]
  8934 | D:10     | Reached * piety under Ru
  8937 | D:10     | Found a basalt altar of Yredelemnul.
  9078 | D:10     | Reached skill level 13 in Unarmed Combat
  9214 | D:10     | Found a staircase to the Lair.
  9448 | D:10     | Noticed an obsidian statue
  9453 | D:10     | Got a faintly humming leather armour
  9459 | D:10     | Noticed a soul eater
  9484 | D:10     | Identified the +2 leather armour "Jass" {MR+ Str+3 Int+4} (You found it on level 10 of the Dungeon)
  9605 | D:11     | Noticed a red ugly thing
  9616 | D:10     | Killed a red ugly thing
  9738 | D:11     | Noticed a hill giant
  9748 | D:11     | Killed a hill giant
  9912 | D:11     | Noticed a six-headed hydra
  9917 | D:11     | Killed a six-headed hydra
 10255 | D:12     | Reached skill level 10 in Fighting
 10264 | D:12     | Reached skill level 14 in Unarmed Combat
 10348 | D:12     | Noticed a green ugly thing
 10365 | D:12     | Killed a green ugly thing
 10365 | D:12     | Reached XP level 12. HP: 85/106 MP: 11/11
 10645 | D:12     | Gained mutation: You are somewhat unskilled. (-1 Apt) [Ru sacrifice]
 10645 | D:12     | Reduced skill Unarmed Combat to level 13
 10645 | D:12     | Reached ** piety under Ru
 10645 | D:12     | Reached *** piety under Ru
 10819 | D:12     | Reached skill level 10 in Fighting
 10945 | D:12     | Noticed an ice dragon
 10993 | D:12     | Killed an ice dragon
 11080 | D:12     | Reached skill level 5 in Shields
 11817 | D:13     | Reached skill level 14 in Unarmed Combat
 11884 | D:13     | Noticed a tengu warrior
 11895 | D:13     | Killed a tengu warrior
 11925 | D:13     | Noticed a tengu warrior
 11938 | D:13     | Killed a tengu warrior
 12006 | D:13     | Noticed Nessos
 12021 | D:13     | Killed Nessos
 12021 | D:13     | Reached XP level 13. HP: 114/114 MP: 12/12
 12057 | D:13     | Reached skill level 15 in Unarmed Combat
 12092 | D:13     | Found a gate to the Vaults.
 12715 | Orc:1    | Entered Level 1 of the Orcish Mines
 12826 | Lair:1   | Entered Level 1 of the Lair of Beasts
 13741 | Lair:2   | Noticed Prince Ribbit
 13807 | Lair:2   | Killed Prince Ribbit
 13815 | Lair:2   | Reached skill level 16 in Unarmed Combat
 14260 | Lair:2   | Got a bound tin ring
 14262 | Lair:2   | Identified the ring "Dushasekk" {rF+ Dex+4} (You found it on level 2 of the Lair of Beasts)
 15139 | Lair:3   | Noticed Harold
 15153 | Lair:3   | Killed Harold
 15289 | Lair:3   | Noticed Rupert
 15328 | Lair:3   | Paralysed by Rupert for 3 turns
 15345 | Lair:3   | Killed Rupert
 15497 | Lair:3   | Reached XP level 14. HP: 120/122 MP: 13/13
 15538 | Lair:3   | Noticed Fannar
 15549 | Lair:3   | Killed Fannar
 15549 | Lair:3   | Reached skill level 10 in Dodging
 15588 | Lair:3   | Found a hole to the Spider Nest.
 15937 | Lair:4   | Found a staircase to the Shoals.
 16198 | Lair:4   | Noticed Kirke
 16206 | Lair:4   | Killed Kirke
 16342 | Lair:4   | Reached skill level 17 in Unarmed Combat
 16524 | Lair:4   | Noticed an entropy weaver
 16553 | Lair:4   | Killed an entropy weaver
 16703 | Lair:4   | Noticed an entropy weaver
 16756 | Lair:6   | Entered Level 6 of the Lair of Beasts
 17594 | Lair:6   | Found a runed door.
 17721 | Lair:6   | Reached XP level 15. HP: 105/132 MP: 14/14
 17838 | Lair:6   | Reached skill level 18 in Unarmed Combat
 18008 | Lair:6   | Identified a scroll of acquirement
 18009 | Lair:6   | Got a coiled lead ring
 18011 | Lair:6   | Identified the ring of Foshrug {*Drain +Fly Int-5 Dex+9} (You acquired it on level 6 of the Lair of Beasts)
 18668 | Lair:5   | Found a staircase to the Slime Pits.
 19727 | Orc:2    | Entered Level 2 of the Orcish Mines
 19766 | Orc:2    | Found Qeotecofu's Jewellery Emporium.
 19771 | Orc:2    | Noticed an orc warlord
 19811 | Orc:2    | Found a labyrinth entrance.
 19813 | Orc:2    | Found a staircase to the Elven Halls.
 19820 | Lab      | Entered a labyrinth
 21396 | Lab      | Gained mutation: You are sensitive to extremes of temperature. (rF-, rC-) [Ru sacrifice]
 21396 | Lab      | Reached **** piety under Ru
 21396 | Lab      | Reached ***** piety under Ru
 21630 | Lab      | Got a transparent scale mail
 21668 | Lab      | Identified the cursed +0 scale mail "Ymo Pata" {Int+6 Slay-3} (You found it in a labyrinth)
 21691 | Lab      | Identified a +4 rod of shadows (9/9) (You found it in a labyrinth)
 21708 | Elf:1    | Entered Level 1 of the Elven Halls
 21870 | Elf:1    | Killed an orc warlord
 22105 | Orc:2    | Noticed Saint Roka
 22257 | Orc:2    | Killed Saint Roka
 22457 | Orc:2    | Noticed Azrael
 22765 | Orc:1    | Reached skill level 19 in Unarmed Combat
 23221 | Orc:2    | Found a roughly hewn altar of Beogh.
 23277 | Orc:2    | Gained mutation: You are hated by all. [Ru sacrifice]
 23277 | Orc:2    | Reached ****** piety under Ru
 23292 | Orc:2    | Killed Azrael
 23321 | Orc:2    | Found Xavatooh's Book Boutique.
 23335 | Orc:2    | Found Sofyodefu's Antique Weapon Boutique.
 23352 | Orc:2    | Found Tuyputoi's General Store.
 23367 | Orc:2    | Found Guece Deg's Antique Armour Boutique.
 23752 | Orc:2    | Bought a scroll of recharging for 104 gold pieces
 23892 | D:7      | You fall through a shaft!
 24044 | D:4      | Bought 2 scrolls of blinking for 165 gold pieces
 24044 | D:4      | Bought a scroll of recharging for 104 gold pieces
 24273 | D:14     | Reached XP level 16. HP: 121/143 MP: 15/15
 25101 | D:15     | Entered Level 15 of the Dungeon
 25566 | D:15     | Found a staircase to the Depths.
 26195 | Elf:1    | Killed from afar by a balrug

Skill      XL: |  1  2  3  4  5  6  7  8  9 10 11 12 13 14 15 16 |
---------------+-------------------------------------------------+-----
Unarmed Combat | 4 5 6 8 10 12 14 14 16 17 19 | 19.0
Shields        | 1 2 3 4 5 7 |  7.5
Fighting       | 6 7 10 10 12 13 | 13.0
Dodging        | 6 9 8 9 10 11 12 | 12.4
Stealth        | |  2.0

Action                   |  1- 3 |  4- 6 |  7- 9 | 10-12 | 13-15 | 16-18 || total
-------------------------+-------+-------+-------+-------+-------+-------++-------
Melee: Unarmed           |    96 |   194 |   473 |   878 |  1618 |   308 ||  3567
       Punch             |     1 |       |       |       |       |       ||     1
Invok: Reject Sacrifices |       |       |     1 |       |     2 |       ||     3
       Sacrifice Arcana  |       |       |       |     1 |       |       ||     1
       Sacrifice Skill   |       |       |       |     1 |       |       ||     1
       Draw Out Power    |       |       |       |       |     5 |       ||     5
       Sacrifice Love    |       |       |       |       |     1 |       ||     1
       Sacrifice Resista |       |       |       |       |     1 |       ||     1
Evoke: Wand              |       |       |       |     5 |    29 |       ||    34
       Rod               |       |       |       |       |     1 |       ||     1
  Use: Scroll            |     8 |     2 |    12 |     9 |    22 |     2 ||    55
       Potion            |       |     1 |     2 |    12 |     5 |       ||    20
 Stab: Sleeping          |     2 |     1 |     3 |     4 |     5 |     2 ||    17
       Distracted        |       |       |       |     3 |     7 |     5 ||    15
       Invisible         |       |       |       |       |     3 |     4 ||     7
       Paralysed         |       |       |       |       |     1 |     1 ||     2
       Petrified         |       |       |       |       |       |     3 ||     3
       Petrifying        |       |       |       |       |       |     2 ||     2
  Eat: Chunk             |     6 |    13 |    24 |    92 |   218 |    17 ||   370
       Beef jerky        |       |       |     1 |       |     1 |       ||     2
       Royal jelly       |       |       |       |     1 |     1 |       ||     2
       Pizza             |       |       |       |       |     1 |       ||     1
Armor: Robe              |     3 |       |       |       |       |       ||     3
       Ring mail         |    13 |    43 |    69 |    46 |       |       ||   171
       Leather armour    |       |       |       |    74 |   136 |    22 ||   232
Dodge: Dodged            |    38 |    65 |   123 |   385 |   705 |   112 ||  1428
Block: Other             |     2 |       |       |       |       |       ||     2
       Buckler           |    28 |    86 |   195 |   446 |   892 |   137 ||  1784
       Reflection        |     2 |       |    11 |    23 |    15 |     5 ||    56
